 Dungeon Crawl Stone Soup version 0.17.1-1-g73c8601 (webtiles) character file.

107 Goblin1989 the Insei (level 4, 0/23 HPs)
             Began as a Vine Stalker Monk on Jan 2, 2016.
             Succumbed to Crazy Yiuf's poison
             ... on level 3 of the Dungeon.
             The game lasted 00:05:02 (1961 turns).

Goblin1989 the Insei (Vine Stalker Monk)            Turns: 1961, Time: 00:05:02

Health: 0/23       AC:  7    Str: 14    XL:     4   Next: 85%
Magic:  1/5        EV: 11    Int: 10    God:
Gold:   101        SH:  0    Dex: 17    Spells: 0 memorised, 3 levels left

rFire  . . .     SeeInvis .       - Unarmed
rCold  . . .     Clarity  .     o - +0 ring mail
rNeg   . . .     SustAt   .     (no shield)
rPois  .         Gourm    .     (no helmet)
rElec  .         Spirit   +     A - +0 cloak
rCorr  .         Warding  .     v - +0 pair of gloves
rMut   .         Stasis   .     (no boots)
MR     .....                    (no amulet)
Stlth  ++........               (no ring)
                                (no ring)

@: lethally poisoned (0 -> -6), drained, not resistant to hostile enchantments,
unstealthy
A: fangs 2, regeneration 1, magic shield, antimagic bite, no device heal 3, rot
immunity
a: no special abilities


You were on level 3 of the Dungeon.
You were not hungry.

You visited 1 branch of the dungeon, and saw 3 of its levels.

You collected 101 gold pieces.

Inventory:

Hand Weapons
 b - a +0 blowgun
Missiles
 y - 16 poisoned needles
Armour
 o - a +0 ring mail (worn)
 v - a +0 pair of gloves (worn)
 A - a +0 cloak (worn)
Jewellery
 a - an uncursed ring of positive energy {unknown}
 t - an uncursed ring of protection from fire {unknown}
 z - a +4 ring of dexterity {unknown}
Scrolls
 d - 2 scrolls of enchant armour {unknown}
 f - a scroll of random uselessness {unknown}
 g - a scroll of teleportation {unknown}
 h - a scroll of remove curse {unknown}
 l - a scroll of blinking {unknown}
 n - a scroll of recharging {unknown}
 p - a scroll of noise {unknown}
 u - a scroll of amnesia {unknown}
Potions
 c - 3 potions of lignification {unknown}
 e - a potion of curing {unknown}
 i - a potion of might {unknown}
 k - 2 potions of brilliance {unknown}
 m - a potion of mutation {unknown}
 q - a potion of invisibility {unknown}
 r - a potion of heal wounds {unknown}
 s - a potion of flight {unknown}
Comestibles
 j - 2 beef jerkies
 w - a chunk of flesh
 x - a bread ration


   Skills:
 - Level 2.6(2.4) Fighting
 * Level 1.5(1.3) Armour
 - Level 2.4(2.2) Dodging
 - Level 2.4(2.2) Stealth
 + Level 5.5(5.3) Unarmed Combat


You had 3 spell levels left.
You didn't know any spells.

Dungeon Overview and Level Annotations

Branches:
Dungeon (3/15)

Altars:

Annotations:
D:3 Crazy Yiuf


Innate Abilities, Weirdness & Mutations

You have extremely sharp teeth.
Your natural rate of healing is unusually fast.
When hurt, damage is shared between your health and your magic reserves.
Your bite disrupts and absorbs the magic of your enemies.
Potions and wands cannot restore your health.
You are immune to rotting.


Message History

You bite Crazy Yiuf, but do no damage.
Crazy Yiuf is moderately wounded.
You feel sick. Crazy Yiuf closely misses you.
You hit Crazy Yiuf. You bite Crazy Yiuf. You drain his power.
You feel invigorated.
Crazy Yiuf is heavily wounded.
You feel sick. Crazy Yiuf closely misses you.
You barely miss Crazy Yiuf. You bite Crazy Yiuf, but do no damage.
Crazy Yiuf is heavily wounded.
You feel sick.
You barely miss Crazy Yiuf. Your punch misses Crazy Yiuf.
Crazy Yiuf is heavily wounded.
You feel sick.
Crazy Yiuf hits you with a quarterstaff of chaos!
* * * LOW HITPOINT WARNING * * *
Crazy Yiuf freezes you.
* * * LOW HITPOINT WARNING * * *
* * * LOW HITPOINT WARNING * * *
You feel sick.
You die...

#.# #.## #..#
##.# #.# #.## ###
♣##..# #)(.#♣♣
♣♣♣.#..#
#...'.♣♣♣♣@.....#
#...#♣..♣......##
### ♣♣♣g♣...###
♣♣♣♣♣##


You could see Crazy Yiuf.

Vanquished Creatures
  3 adders (D:2)
  A gnoll (D:1)
  A worm (D:2)
  2 giant geckos
  3 giant cockroaches
  7 goblins
  9 hobgoblins
  2 jackals (D:1)
  10 kobolds
  2 quokkas (D:2)
  2 ball pythons (D:2)
  11 bats
  2 giant newts (D:1)
  9 rats
64 creatures vanquished.

Notes
Turn   | Place    | Note
--------------------------------------------------------------
     0 | D:1      | Goblin1989 the Vine Stalker Monk began the quest for the Orb.
     0 | D:1      | Reached XP level 1. HP: 11/11 MP: 2/2
    97 | D:1      | Reached XP level 2. HP: 8/16 MP: 3/3
   512 | D:1      | Reached skill level 5 in Unarmed Combat
   512 | D:1      | Reached XP level 3. HP: 16/19 MP: 2/4
  1204 | D:2      | Reached XP level 4. HP: 20/23 MP: 5/5
  1296 | D:2      | Reached skill level 1 in Armour
  1944 | D:3      | Noticed Crazy Yiuf
  1960 | D:3      | HP: 1/23 [poisoned by Crazy Yiuf]
  1961 | D:3      | Succumbed to Crazy Yiuf's poison

Action                   |  1- 3 |  4- 6 || total
-------------------------+-------+-------++-------
Melee: Unarmed           |   103 |    63 ||   166
 Fire: Blowgun           |       |     2 ||     2
 Stab: Sleeping          |     5 |     2 ||     7
  Eat: Chunk             |       |     3 ||     3
